NWL
MILWAUKEE (SS-A) BREWERS @ EVERETT AQUASOX
07/24/2099
 
TOP OF THE 1ST
Milwaukee (SS-A) Brewers batting - Pitching for Everett AquaSox : RHP Baltazar Didier
Pitching: RHP Baltazar Didier
Batting: LHB Pat Brunetti 0-0: Ball
1-0: Ground out 3-1 (Groundball, 34, EV 93.8 MPH)
Batting: RHB Justin Curtis 0-0: Foul Ball, location: 2F
0-1: Ball
1-1: Swinging Strike
1-2: Foul Ball, location: 2F
1-2: Ball
2-2: Strikes out swinging
Batting: LHB Mike Lown 0-0: Foul Ball, location: 3SF
0-1: Ball
1-1: Ball
2-1: Foul Ball, location: 7LSF
2-2: Foul Ball, location: 23F
2-2: Reached on error, E4 (Groundball, 4M, EV 76.9 MPH)
Batting: LHB Jason Nider 0-0: Ball
1-0: Called Strike
1-1: Swinging Strike
1-2: Strikes out looking
Top of the 1st over - 0 runs, 0 hits, 1 error, 1 left on base; Milwaukee (SS-A) 0 - Everett 0
BOTTOM OF THE 1ST
Everett AquaSox batting - Pitching for Milwaukee (SS-A) Brewers : LHP Jonathan Marquez
Pitching: LHP Jonathan Marquez
Batting: RHB Chris Fahey 0-0: Ball
1-0: Ball
2-0: Swinging Strike
2-1: Ball
3-1: Foul Ball, location: 7LSFF
3-2: Strikes out swinging
Batting: RHB Tim Skirvin 0-0: Ball
1-0: Swinging Strike
1-1: Ball
2-1: Fly out, F9 (Line Drive, 9LS, EV 90.0 MPH)
Batting: RHB Primo Daniele 0-0: Ball
1-0: Called Strike
1-1: Swinging Strike
1-2: Ball
2-2: SOLO HOME RUN (Flyball, 7D, EV 94.4 MPH), Distance : 375 ft
Batting: RHB Kyle Hernandez 0-0: Ball
1-0: Called Strike
1-1: Ball
2-1: Called Strike
2-2: Ball
3-2: Foul Ball, location: 5FF
3-2: Base on Balls
Batting: RHB Scott Mancuso 0-0: Ball
1-0: Ball
2-0: Called Strike
2-1: Foul Ball, location: 3SF
2-2: Foul Ball, location: 7LDF
2-2: Foul Ball, location: 2F
2-2: Fly out, F9 (Flyball, 9, EV 78.1 MPH)
Bottom of the 1st over - 1 run, 1 hit, 0 errors, 1 left on base; Milwaukee (SS-A) 0 - Everett 1
TOP OF THE 2ND
Milwaukee (SS-A) Brewers batting - Pitching for Everett AquaSox : RHP Baltazar Didier
Batting: RHB Pat Higham 0-0: Ball
1-0: Ball
2-0: Fly out, F3 (Popup, 3S, EV 73.8 MPH)
Batting: RHB Jason Harris 0-0: Called Strike
0-1: Swinging Strike
0-2: Foul Ball, location: 5FF
0-2: Foul Ball, location: 3FF
0-2: Strikes out swinging
Batting: RHB Eric White 0-0: Called Strike
0-1: Called Strike
0-2: Strikes out swinging
Top of the 2nd over - 0 runs, 0 hits, 0 errors, 0 left on base; Milwaukee (SS-A) 0 - Everett 1
BOTTOM OF THE 2ND
Everett AquaSox batting - Pitching for Milwaukee (SS-A) Brewers : LHP Jonathan Marquez
Batting: RHB Justin Bell 0-0: Ball
1-0: Ball
2-0: Called Strike
2-1: Fly out, F7 (Flyball, 7S, EV 85.6 MPH)
Batting: RHB David de la Rosa 0-0: DOUBLE (Flyball, 89D, EV 100.0 MPH)
Batting: SHB Jim Rogerson 0-0: Swinging Strike
0-1: Called Strike
0-2: Ball
1-2: Ball
2-2: Ball
3-2: Strikes out swinging
Batting: RHB Brett Butler 0-0: SINGLE (Line Drive, 56, EV 100.0 MPH)
David de la Rosa to third
Runner from 3rd tries for Home, SAFE, throw by LF to home
Batting: RHB Chris Fahey 0-0: DOUBLE (Flyball, 8LD, EV 103.1 MPH)
Brett Butler to third
Batting: RHB Tim Skirvin 0-0: Called Strike
0-1: SINGLE (Line Drive, 9S, EV 102.5 MPH)
Brett Butler scores
Chris Fahey to third
Runner from 3rd tries for Home, SAFE, throw by RF to home
Batting: RHB Primo Daniele 0-0: Ball
1-0: Foul Ball, location: 23FF
1-1: Ball
2-1: Foul Ball, location: 23FF
2-2: Ball
3-2: Foul Ball, location: 9LDF
3-2: Base on Balls
Tim Skirvin to second
Batting: RHB Kyle Hernandez 0-0: Ball
1-0: Called Strike
1-1: Foul Ball, location: 2F
1-2: Fielders Choice at 2nd, 6-4 (Groundball, 6, EV 103.8 MPH)
Bottom of the 2nd over - 3 runs, 4 hits, 0 errors, 2 left on base; Milwaukee (SS-A) 0 - Everett 4
TOP OF THE 3RD
Milwaukee (SS-A) Brewers batting - Pitching for Everett AquaSox : RHP Baltazar Didier
Batting: RHB Joe O'Brien 0-0: Called Strike
0-1: Foul Ball, location: 3F
0-2: Strikes out looking
Batting: RHB David Minnis 0-0: Ball
1-0: Called Strike
1-1: Ball
2-1: Called Strike
2-2: Strikes out looking
Batting: LHB Pat Brunetti 0-0: Swinging Strike
0-1: Foul Ball, location: 5F
0-2: Ball
1-2: Ball
2-2: Foul Ball, location: 5F
2-2: Ball
3-2: Ground out 4-3 (Groundball, 4, EV 88.1 MPH)
Top of the 3rd over - 0 runs, 0 hits, 0 errors, 0 left on base; Milwaukee (SS-A) 0 - Everett 4
BOTTOM OF THE 3RD
Everett AquaSox batting - Pitching for Milwaukee (SS-A) Brewers : LHP Jonathan Marquez
Batting: RHB Scott Mancuso 0-0: SINGLE (Line Drive, 34D, EV 96.9 MPH)
Batting: RHB Justin Bell 0-0: Ball
1-0: Fielders Choice at 2nd, 4-6 (Groundball, 13, EV 80.6 MPH)
Batting: RHB David de la Rosa 0-0: Grounds into double play, 6-4-3 (Groundball, 6, EV 92.5 MPH)
Bottom of the 3rd over - 0 runs, 1 hit, 0 errors, 0 left on base; Milwaukee (SS-A) 0 - Everett 4
TOP OF THE 4TH
Milwaukee (SS-A) Brewers batting - Pitching for Everett AquaSox : RHP Baltazar Didier
Batting: RHB Justin Curtis 0-0: Foul Ball, location: 5F
0-1: SINGLE (Line Drive, 4MD, EV 106.9 MPH)
Batting: LHB Mike Lown 0-0: Fly out, F7 (Flyball, 7D, EV 101.9 MPH)
Batting: LHB Jason Nider 0-0: Foul Ball, location: 2F
0-1: Ball
1-1: Ball
2-1: Fly out, F9 (Line Drive, 89M, EV 86.9 MPH)
Batting: RHB Pat Higham 0-0: Foul Ball, location: 5F
0-1: Foul Ball, location: 2F
0-2: Fly out, F7 (Line Drive, 78D, EV 91.9 MPH)
Top of the 4th over - 0 runs, 1 hit, 0 errors, 1 left on base; Milwaukee (SS-A) 0 - Everett 4
BOTTOM OF THE 4TH
Everett AquaSox batting - Pitching for Milwaukee (SS-A) Brewers : LHP Jonathan Marquez
Batting: SHB Jim Rogerson 0-0: Ball
1-0: Called Strike
1-1: SINGLE (Line Drive, 8RS, EV 108.8 MPH)
Batting: RHB Brett Butler 0-0: Ball
1-0: Foul Ball, location: 9LSFF
1-1: Ball
2-1: Swinging Strike
2-2: Foul Ball, location: 7LMF
2-2: Foul Ball, location: 3DF
2-2: Ball
3-2: Foul Ball, location: 2RF
3-2: Strikes out swinging
Batting: RHB Chris Fahey 0-0: Swinging Strike
0-1: Foul Ball, location: 2F
0-2: Ball
1-2: Foul Ball, location: 9LDF
1-2: Ball
2-2: Ball
3-2: Foul Ball, location: 2LF
3-2: Strikes out swinging
Batting: RHB Tim Skirvin 0-0: SINGLE (Line Drive, 4D, EV 98.8 MPH)
Jim Rogerson to second
Runner from 2nd tries for 3rd, SAFE, throw by RF made to third
Batting: RHB Primo Daniele 0-0: Called Strike
0-1: Ball
1-1: Foul Ball, location: 5SF
1-2: Ball
2-2: Foul Ball, location: 9LDF
2-2: Fly out, F8 (Flyball, 8RM, EV 95.0 MPH)
Bottom of the 4th over - 0 runs, 2 hits, 0 errors, 2 left on base; Milwaukee (SS-A) 0 - Everett 4
TOP OF THE 5TH
Milwaukee (SS-A) Brewers batting - Pitching for Everett AquaSox : RHP Baltazar Didier
Batting: RHB Jason Harris 0-0: Fly out, F7 (Flyball, 78M, EV 94.4 MPH)
Batting: RHB Eric White 0-0: Called Strike
0-1: Ball
1-1: Fly out, F7 (Flyball, 7LD, EV 87.5 MPH)
Batting: RHB Joe O'Brien 0-0: Ball
1-0: Ball
2-0: Foul Ball, location: 2LF
2-1: Foul Ball, location: 9LDF
2-2: Ball
3-2: Foul Ball, location: 25F
3-2: SINGLE (Groundball, 34D, EV 104.4 MPH)
Batting: RHB David Minnis 0-0: Ball
1-0: Ball
2-0: Ball
3-0: Called Strike
3-1: Base on Balls
Joe O'Brien to second
Batting: LHB Pat Brunetti 0-0: Fielders Choice at 2nd, U6 (Groundball, 6M, EV 90.6 MPH)
Top of the 5th over - 0 runs, 1 hit, 0 errors, 2 left on base; Milwaukee (SS-A) 0 - Everett 4
BOTTOM OF THE 5TH
Everett AquaSox batting - Pitching for Milwaukee (SS-A) Brewers : LHP Jonathan Marquez
Batting: RHB Kyle Hernandez 0-0: Ball
1-0: Called Strike
1-1: Foul Ball, location: 2F
1-2: Foul Ball, location: 7LSF
1-2: Foul Ball, location: 2F
1-2: Ball
2-2: Foul Ball, location: 2F
2-2: Foul Ball, location: 2F
2-2: Ball
3-2: Fly out, F6 (Popup, 6, EV 60.6 MPH)
Pitching: RHP Chris Bowling
Batting: RHB Scott Mancuso 0-0: Ground out 1-3 (Groundball, 15S, EV 70.0 MPH)
Batting: RHB Justin Bell 0-0: Ball
1-0: Ball
2-0: Ball
3-0: Called Strike
3-1: Ground out 6-3 (Groundball, 6, EV 86.3 MPH)
Bottom of the 5th over - 0 runs, 0 hits, 0 errors, 0 left on base; Milwaukee (SS-A) 0 - Everett 4
TOP OF THE 6TH
Milwaukee (SS-A) Brewers batting - Pitching for Everett AquaSox : RHP Baltazar Didier
Batting: RHB Justin Curtis 0-0: Called Strike
0-1: Ball
1-1: Ground out U3 (Groundball, 34S, EV 85.6 MPH)
Batting: LHB Mike Lown 0-0: TRIPLE (Flyball, 89D, EV 104.4 MPH)
Batting: LHB Jason Nider 0-0: Foul Ball, location: 2F
0-1: Ball
1-1: Fly out, F8 (Flyball, 8LM, EV 96.9 MPH)
Runner from 3rd tags up, SCORES, no throw by CF
Batting: RHB Pat Higham 0-0: Ball
1-0: Fly out, F7 (Flyball, 78M, EV 92.5 MPH)
Top of the 6th over - 1 run, 1 hit, 0 errors, 0 left on base; Milwaukee (SS-A) 1 - Everett 4
BOTTOM OF THE 6TH
Everett AquaSox batting - Pitching for Milwaukee (SS-A) Brewers : RHP Chris Bowling
Batting: RHB David de la Rosa 0-0: Called Strike
0-1: Foul Ball, location: 9LSF
0-2: Ball
1-2: Foul Ball, location: 2F
1-2: Ground out 1-3 (Groundball, 34S, EV 71.3 MPH)
Batting: SHB Jim Rogerson 0-0: Ball
1-0: Foul Ball, location: 25F
1-1: Foul Ball, location: 2F
1-2: Strikes out swinging
Batting: RHB Brett Butler 0-0: Ball
1-0: Foul Ball, location: 3F
1-1: Swinging Strike
1-2: Strikes out swinging
Bottom of the 6th over - 0 runs, 0 hits, 0 errors, 0 left on base; Milwaukee (SS-A) 1 - Everett 4
TOP OF THE 7TH
Milwaukee (SS-A) Brewers batting - Pitching for Everett AquaSox : RHP Baltazar Didier
Batting: RHB Jason Harris 0-0: Ball
1-0: Called Strike
1-1: Swinging Strike
1-2: Ground out 6-3 (Groundball, 6, EV 87.5 MPH)
Batting: RHB Eric White 0-0: Ball
1-0: Foul Ball, location: 2F
1-1: Foul Ball, location: 9LSF
1-2: Foul Ball, location: 23F
1-2: Ground out 6-3 (Groundball, 6M, EV 83.1 MPH)
Batting: RHB Joe O'Brien 0-0: Called Strike
0-1: Foul Ball, location: 9LSF
0-2: Foul Ball, location: 9LMF
0-2: Ball
1-2: Strikes out swinging
Top of the 7th over - 0 runs, 0 hits, 0 errors, 0 left on base; Milwaukee (SS-A) 1 - Everett 4
BOTTOM OF THE 7TH
Everett AquaSox batting - Pitching for Milwaukee (SS-A) Brewers : RHP Chris Bowling
Batting: RHB Chris Fahey 0-0: Called Strike
0-1: Fly out, F4 (Line Drive, 4, EV 70.6 MPH)
Batting: RHB Tim Skirvin 0-0: Called Strike
0-1: Foul Ball, location: 3F
0-2: SINGLE (Groundball, 15S, EV 68.8 MPH) (infield hit)
Batting: RHB Primo Daniele 0-0: Ball
1-0: Fly out, F3 (Popup, 3S, EV 76.3 MPH)
Batting: RHB Kyle Hernandez 0-0: Ball
1-0: Swinging Strike
1-1: Swinging Strike
1-2: Strikes out swinging
Bottom of the 7th over - 0 runs, 1 hit, 0 errors, 1 left on base; Milwaukee (SS-A) 1 - Everett 4
TOP OF THE 8TH
Milwaukee (SS-A) Brewers batting - Pitching for Everett AquaSox : RHP Baltazar Didier
Pitching: RHP Eric Moynihan
Batting: RHB David Minnis 0-0: Ball
1-0: Called Strike
1-1: Ball
2-1: Ball
3-1: Foul Ball, location: 7LMF
3-2: Strikes out swinging
Batting: LHB Pat Brunetti 0-0: Called Strike
0-1: Ground out U3 (Groundball, 3, EV 83.8 MPH)
Batting: RHB Justin Curtis 0-0: Ball
1-0: Foul Ball, location: 3FF
1-1: Ball
2-1: Ground out 6-3 (Groundball, 6, EV 106.3 MPH)
Top of the 8th over - 0 runs, 0 hits, 0 errors, 0 left on base; Milwaukee (SS-A) 1 - Everett 4
BOTTOM OF THE 8TH
Everett AquaSox batting - Pitching for Milwaukee (SS-A) Brewers : RHP Chris Bowling
Batting: RHB Scott Mancuso 0-0: Ball
1-0: Ball
2-0: Ball
3-0: Called Strike
3-1: Base on Balls
Batting: RHB Justin Bell 0-0: Ball
1-0: Foul Ball, location: 2F
1-1: Fly out, F8 (Flyball, 8LD, EV 100.0 MPH)
Batting: RHB David de la Rosa 0-0: Swinging Strike
0-1: Called Strike
0-2: Foul Ball, location: 2F
0-2: Foul Ball, location: 7LMF
0-2: Ball
1-2: Strikes out looking
Batting: SHB Jim Rogerson 0-0: Called Strike
0-1: Foul Ball, location: 7LMF
0-2: Strikes out swinging
Bottom of the 8th over - 0 runs, 0 hits, 0 errors, 1 left on base; Milwaukee (SS-A) 1 - Everett 4
TOP OF THE 9TH
Milwaukee (SS-A) Brewers batting - Pitching for Everett AquaSox : RHP Eric Moynihan
Batting: LHB Mike Lown 0-0: Called Strike
0-1: Foul Ball, location: 25F
0-2: Foul Ball, location: 25FF
0-2: Strikes out looking
Batting: LHB Jason Nider 0-0: Foul Ball, location: 3SF
0-1: Ball
1-1: Ball
2-1: Ball
3-1: Base on Balls
Batting: RHB Pat Higham 0-0: SINGLE (Flyball, 8RS, EV 87.5 MPH)
Jason Nider to second
Pinch Hitting: LHB Bill Kruzich 0-0: Swinging Strike
0-1: Ball
1-1: Ball
2-1: Grounds into double play, 4-6-3 (Groundball, 4, EV 103.8 MPH)
Top of the 9th over - 0 runs, 1 hit, 0 errors, 1 left on base; Milwaukee (SS-A) 1 - Everett 4
Sunday, May 12th , 2024 - OOTP Baseball 24.11 Build 85